 Dungeon Crawl Stone Soup version 0.22-a0-833-g8522bf8125 (webtiles) character file.

564 Htamos the Jinx (level 7, 18/31 HPs)
             Began as a Felid Enchanter on July 25, 2018.
             Was an Initiate of Sif Muna.
             Quit the game on level 4 of the Dungeon.
             The game lasted 00:29:41 (6322 turns).

Htamos the Jinx (Felid Enchanter)                   Turns: 6322, Time: 00:29:41

Health: 18/31      AC:  4    Str:  4    XL:     7   Next: 10%
Magic:  12/13      EV: 27    Int: 17    God:    Sif Muna [......]
Gold:   110        SH:  0    Dex: 25    Spells: 9/12 levels left
                                        Lives:  1   Deaths: 1

rFire    . . .     SeeInvis +     - Unarmed
rCold    . . .     Gourm    .   (shield unavailable)
rNeg     . . .     Faith    .   (armour unavailable)
rPois    .         Spirit   .   (helmet unavailable)
rElec    .         Reflect  .   (cloak unavailable)
rCorr    .         Harm     .   (gloves unavailable)
MR       +....                  (boots unavailable)
Stlth    ++++++....             (no amulet)
HPRegen  0.10/turn              (no ring)
MPRegen  0.13/turn              (no ring)

@: agile, quick
A: very small, no armour, no weapons or thrown items, stealth, claws 1, fangs 3,
thin metallic scales 1, thin skeletal structure 1, see invisible, carnivore,
speed 1, shaggy fur 2, slow metabolism 1, sharp paws
a: Renounce Religion


You were on level 4 of the Dungeon.
You worshipped Sif Muna.
Sif Muna was noncommittal.
You were not hungry.

You visited 2 branches of the dungeon, and saw 5 of its levels.
You also visited: Sewer.

You collected 110 gold pieces.

Inventory:

Scrolls
 a - 5 scrolls of teleportation
 f - a scroll of remove curse
 m - 2 scrolls of fog
Potions
 c - a potion of agility
 e - a potion of ambrosia {unknown}
 g - 2 potions of brilliance
 i - a potion of magic
 j - a potion of heal wounds
 k - 3 potions of curing
Comestibles
 b - 8 rations
 d - 6 chunks of flesh


   Skills:
 + Level 3.0 Fighting
 + Level 5.1 Dodging
 + Level 6.5 Stealth
 + Level 3.6 Unarmed Combat
 + Level 3.3 Spellcasting
 * Level 8.0 Hexes


You had 9 spell levels left.
You knew the following spells:

 Your Spells              Type           Power        Failure   Level  Hunger
a - Corona                Hex            ####...      1%          1    None
b - Ensorcelled Hibernat  Hex/Ice        ###...       4%          2    ##.....

Your spell library contained the following spells:

 Spells                   Type           Power        Failure   Level  Hunger
 Confuse                  Hex            ####....     1%          3    ###....
 Tukima's Dance           Hex            ####....     1%          3    ###....
 Dazzling Spray           Conj/Hex       ###...       10%         3    ###....


Dungeon Overview and Level Annotations

Branches:
Dungeon (4/15)             Temple (1/1) D:4

Altars:
Ashenzari
Cheibriados
Dithmenos
Elyvilon
Fedhas
Gozag
Hepliaklqana
Makhleb
Nemelex Xobeh
Qazlal
Ru
Sif Muna
Uskayaw
Wu Jian
Yredelemnul
Zin
The Shining One

Shops:
D:4 [


Innate Abilities, Weirdness & Mutations

You cannot wear armour.
You are incapable of wielding weapons or throwing items.
Your paws allow you to move quietly. (Stealth)
You have sharp claws.
You have razor-sharp teeth.
You have supernaturally acute eyesight. (SInv)
You are carnivorous and can eat meat at any time.
You cover ground quickly.
You are covered in thick fur. (AC +2)
You have a slow metabolism.
Your sharp claws are effective at attacking unaware monsters.
You are partially covered in thin metallic scales. (AC +2)
You have a somewhat thin skeletal structure. (Dex +2, Stealth)


Message History

Grinder misses you.
You scratch Grinder.
Grinder is almost dead.
Grinder misses you.
You scratch Grinder.
You kill Grinder!
Sif Muna accepts your kill.
Your Fighting skill increases to level 3!
Your Dodging skill increases to level 5!
Your Hexes skill increases to level 8!
Welcome back to level 7!
e - a black potion You see here the felid corpse of Htamos.
You see here a worm corpse.
You butcher the worm corpse.
d - 4 chunks of flesh (gained 3)
You see here the felid corpse of Htamos.
You butcher the felid corpse of Htamos.
d - 6 chunks of flesh (gained 2)
You see here the felid skeleton of Htamos.
Are you sure you want to abandon this character and quit the game? (Confirm with "yes".)

#.# #.# #.# ######## #.# #......#
#.# #......# ###.###### #......#
#........##
#......######..@.......
#......................
#.......#####..........
#.......#..............
#.......#.#####........
##....∩..#.######################
.................................
##.......#..#....#.....###...##.#
#.......#.....#.#§.§§...+......#


There were no monsters in sight!

Vanquished Creatures
  Grinder (D:4)
  3 big kobolds (Sewer)
  A scorpion (D:4)
  2 hounds (D:4)
  An orc priest (D:3)
  2 orc wizards
  A bullfrog skeleton (D:4)
  A worker ant (D:4)
  A hound skeleton (D:4)
  8 gnolls
  6 adders
  2 oozes
  2 worms
  3 dart slugs (D:1)
  A leopard gecko (D:3)
  5 orcs
  5 ball pythons
  6 bats
  13 giant cockroaches
  8 hobgoblins
  3 jackals
  17 kobolds
  2 quokkas (D:2)
  11 frilled lizards
  11 goblins
  10 rats
126 creatures vanquished.

Notes
Turn   | Place    | Note
-------+----------+-------------------------------------------
     0 | D:1      | Htamos the Felid Enchanter began the quest for the Orb.
     0 | D:1      | Reached XP level 1. HP: 7/7 MP: 4/4
   217 | D:1      | Reached XP level 2. HP: 10/12 MP: 1/6
   224 | D:1      | Learned a level 2 spell: Ensorcelled Hibernation
  1074 | D:2      | Reached skill level 1 in Fighting
  1074 | D:2      | Reached XP level 3. HP: 15/15 MP: 7/7
  1391 | D:2      | Gained mutation: You are partially covered in thin metallic scales. (AC +2) [potion of mutation]
  1391 | D:2      | Gained mutation: You have a somewhat thin skeletal structure. (Dex +2, Stealth) [potion of mutation]
  1395 | D:2      | Reached skill level 5 in Hexes
  1901 | D:2      | Reached XP level 4. HP: 6/19 MP: 3/8
  2615 | D:2      | Reached skill level 5 in Stealth
  2617 | D:2      | Reached XP level 5. HP: 22/22 MP: 5/9
  2750 | D:2      | Found a blossoming altar of Fedhas.
  3465 | D:3      | Found a glowing drain.
  3507 | Sewer    | Entered a sewer
  3657 | Sewer    | Reached skill level 6 in Hexes
  3964 | Sewer    | Gained mutation: You are covered in thick fur. (AC +2) [Felid growth]
  3964 | Sewer    | Reached XP level 6. HP: 26/26 MP: 5/10
  5139 | D:3      | Reached skill level 7 in Hexes
  5241 | D:3      | Reached XP level 7. HP: 30/30 MP: 12/12
  5683 | D:4      | Found a staircase to the Ecumenical Temple.
  5702 | Temple   | Entered the Ecumenical Temple
  5752 | Temple   | Became a worshipper of Sif Muna the Loreminder
  5829 | D:4      | Found a shadowy altar of Dithmenos.
  6022 | D:4      | Found a white marble altar of Elyvilon.
  6067 | D:4      | Found a blossoming altar of Fedhas.
  6211 | D:4      | Found Tuqev's Antique Armour Boutique.
  6234 | D:4      | Noticed Grinder
  6241 | D:4      | Paralysed by Grinder for 5 turns
  6244 | D:4      | HP: 1/30 [Grinder (4)]
  6245 | D:4      | Slain by Grinder
  6246 | D:4      | Reached XP level 6. HP: 0/27 MP: 11/11
  6268 | D:4      | Paralysed by Grinder for 5 turns
  6285 | D:4      | Paralysed by Grinder for 3 turns
  6311 | D:4      | Killed Grinder
  6311 | D:4      | Reached skill level 5 in Dodging
  6311 | D:4      | Reached skill level 8 in Hexes
  6311 | D:4      | Reached XP level 7. HP: 17/31 MP: 11/13
  6322 | D:4      | Quit the game

Vault maps used:
D:1:      grunt_arrival_lava_bath
D:2:      minmay_door_square, fedhas_altar_4
D:3:      first_ration, portal_sewer_entry_f
D:4:      elyvilon_altar_5, grunt_dithmenos_smoke, overflow_temple_1_default,
          minmay_temple_entry_trees, serial_shops, shop, uniq_grinder
Temple:   eino_temple_lava
Sewer:    kennysheep_pipe_town

Skill      XL: |  1  2  3  4  5  6  7 |
---------------+----------------------+-----
Dodging        | 3 4 5 |  5.1
Fighting       | 1 2 3 |  3.0
Hexes          | 5 6 8 |  8.0
Unarmed Combat | 2 3 |  3.6
Stealth        | 5 6 |  6.5
Spellcasting   | 3 |  3.3

Action                   |  1- 3 |  4- 6 |  7- 9 || total
-------------------------+-------+-------+-------++-------
Melee: Unarmed           |    70 |   195 |    34 ||   299
       Bite              |     7 |    11 |     2 ||    20
       Punch             |       |     4 |       ||     4
 Cast: Corona            |     6 |       |     4 ||    10
       Ensorcelled Hiber |    28 |    79 |    15 ||   122
  Use: Potion            |     2 |     5 |       ||     7
       Scroll            |       |     9 |     3 ||    12
 Stab: Sleeping          |    21 |    60 |    15 ||    96
  Eat: Chunk             |    11 |    11 |     4 ||    26
Armor: Skin              |     3 |    25 |     4 ||    32
Dodge: Dodged            |    46 |   139 |    25 ||   210

Table legend:
 A = Spawn XP
 B = Non-spawn XP
 C = Spawn XP percentage of total XP
 D = Spawn monster count
 E = Non-spawn monster count
 F = Spawn count percentage of total count
 G = Total turns spent on level
                    A         B        C        D         E        F      G
               +---------+---------+-------+---------+---------+-------+---------
         Total |       0 |    1308 |   0.0 |       0 |     126 |   0.0 |  6322
               +---------+---------+-------+---------+---------+-------+---------
           D:1 |       0 |      58 |   0.0 |       0 |      26 |   0.0 |  1712
           D:2 |       0 |     158 |   0.0 |       0 |      35 |   0.0 |  1862
           D:3 |       0 |     229 |   0.0 |       0 |      30 |   0.0 |  1226
           D:4 |       0 |     525 |   0.0 |       0 |      11 |   0.0 |   638
         Sewer |       0 |     338 |   0.0 |       0 |      24 |   0.0 |   826
               +---------+---------+-------+---------+---------+-------+---------
